[Event "*** Titled Tuesday Blitz"]
[Site "Chess.com"]
[Date "2019.08.06"]
[Round "1"]
[White "Durarbayli"]
[Black "Blitzking642"]
[Result "1-0"]
[WhiteElo "2788"]
[BlackElo "2400"]
[TimeControl "180+2"]
[EndTime "13:09:11 PDT"]
[Termination "Durarbayli won by resignation"]

1. e4 e5 2. Nf3 Nc6 3. Bb5 a6 4. Ba4 Nge7 5. c3 g6 6. O-O Bg7 7. d4 exd4 8. cxd4 b5 9. Bc2 d5 10. exd5 Nb4 11. Bb3 O-O 12. Bg5 Bb7 13. Qe1 Nbxd5 14.
Bxd5 Qxd5 15. Qxe7 Rfe8 16. Qxc7 Rac8 17. Qg3 b4 18.
Nbd2 Rc2 19. Rfe1 Rec8 20. b3 h6 21. Be7 a5 22. Nc4 Qh5 23. Nd6 Bxf3 24. Nxc8 Bxd4 25. Qxf3 Qxf3 26. gxf3 Bxf2+ 27. Kf1 Bxe1 28. Rxe1 Rxc8 29. Bf6 g5 30. Kf2 Kh7 31. Re2 Kg6 32. Bd4 Ra8 33.
Ke3 a4 34. Kd3 axb3 35. axb3 Rc8 36. Rc2 Re8 37. Rc6+ Kh5 38. Rf6 Re7 39. Kc4 Rb7 40. h3 Kh4 41. Rxh6+ Kg3 42. Be3 Kxf3 43. Bxg5 f5 44.
Rf6 Ke4 45. h4 Rd7 46. Kxb4 Rb7+ 47. Kc3 Rc7+ 48. Kb2 Rd7 49. Rc6 f4 50. Rc4+ Kd3 51. Bxf4 1-0

[Event "*** Titled Tuesday Blitz"]
[Site "Chess.com"]
[Date "2019.08.06"]
[Round "1"]
[White "JussupowFan"]
[Black "vladimirdamjanovic"]
[Result "0-1"]
[WhiteElo "2225"]
[BlackElo "2619"]
[TimeControl "180+2"]
[EndTime "13:09:11 PDT"]
[Termination "vladimirdamjanovic won by resignation"]

1. c4 g6 2. g3 Bg7 3. Bg2 c5 4. Nc3 Nc6 5. a3 d6 6. Rb1 Bf5 7. d3 Qd7 8. h4 Nf6 9. Nf3 O-O 10. Nd5 Nxd5 11. cxd5 Nd4 12. e4 Bg4 13. Be3 f5 14.
Bxd4 Bxd4 15. O-O Rf7 16. Re1 Raf8 17. e5 dxe5 18. Qb3 e4 19. Ng5 f4 20. Nxf7 Rxf7 21. gxf4 Rxf4 22. Rxe4 Rxf2 23. d6+ Rf7+ 24. Rxd4 cxd4 25.
dxe7 Qxe7 26. Rf1 Be6 27. Rxf7 Bxf7 28. Qxb7 Qe1+ 29. Bf1 Qg3+ 30. Bg2 Qe1+ 31. Bf1 Qxh4 32. Qb8+ Kg7 33. Qxa7 Qg3+ 34. Bg2 Qe1+ 35. Bf1 Qe3+ 36. Kh2 Qf2+ 37. Bg2 Qxb2 38. a4 h5 39. a5 g5 40. Qc5 Qb8+ 41. Kg1 Qf4 42. a6 Qe3+ 43. Kf1 h4 44. a7 Qf4+ 45. Ke1 Qe3+ 46. Kd1 Bb3+ 47. Qc2 Bxc2+ 48. Kxc2 Qe2+ 0-1

[Event "*** Titled Tuesday Blitz"]
[Site "Chess.com"]
[Date "2019.08.06"]
[Round "1"]
[White "Cruel_Yaro"]
[Black "cukus"]
[Result "1-0"]
[WhiteElo "2758"]
[BlackElo "2390"]
[TimeControl "180+2"]
[EndTime "13:09:14 PDT"]
[Termination "Cruel_Yaro won by resignation"]

1. Nf3 c5 2. g3 g6 3. Bg2 Bg7 4.
O-O Nc6 5. c3 d5 6. d4 cxd4 7.
cxd4 Nf6 8. Ne5 Ne4 9. Nxc6 bxc6 10. Be3 O-O 11. Nd2 Nxd2 12. Qxd2 Bf5 13. Rfc1 Qb6 14. Rc5 Rab8 15. b3 Qxc5 16. dxc5 Bxa1 17. h4 Bf6 18. h5 e5 19. Bh6 Bg7 20. Bxg7 Kxg7 21. h6+ Kg8 22.
e4 Be6 23. exd5 cxd5 24. Bxd5 Rfd8 25. Qg5 Rxd5 26. Qf6 Kf8 27. Qh8+ Ke7 28. Qxb8 Rxc5 29. Qxa7+ Kd6 30. Qb6+ Rc6 31. Qb4+ Kd7 32. Qb7+ Kd6 33.
Qb8+ Kd5 34. Qh8 Kd4 35. Qxh7 Bd5 36. f3 Ke3 37. Qg7 Kxf3 38. Qxe5 Rc1+ 39. Kh2 Rc2+ 40. Kh3 Be6+ 41. g4 Bxg4+ 42. Kh4 Bf5 43. Qg3+ Ke4 44.
Kg5 Kd5 45. h7 Rc8 46. Kf6 Be6 47. Qe5+ Kc6 48. Qc3+ Kd7 49. Qxc8+ Kxc8 50. h8=Q+ 1-0

[Event "*** Titled Tuesday Blitz"]
[Site "Chess.com"]
[Date "2019.08.06"]
[Round "1"]
[White "oskariot"]
[Black "saraswathii"]
[Result "1-0"]
[WhiteElo "2665"]
[BlackElo "2319"]
[TimeControl "180+2"]
[EndTime "13:09:14 PDT"]
[Termination "oskariot won by resignation"]

1. d4 Nc6 2. Nf3 d5 3. g3 Nf6 4. Bg2 Bf5 5. O-O Qd7 6. c4 e6 7.
cxd5 exd5 8. Nc3 Bd6 9. Bg5 Be6 10. Bxf6 gxf6 11. Rc1 O-O-O 12. Nb5 a6 13. Nxd6+ Qxd6 14. Qd2 Qb4 15. Rc3 Bg4 16. a3 Qb6 17. e3 Na5 18. b3 Kb8 19. Qc2 h5 20. h4 Nc6 21. Rc1 Rd7 22.
Ne1 Na7 23. Nd3 Nb5 24. Rc5 c6 25. a4 Nd6 26. b4 Bf5 27. Qd1 Nc4 28. b5 axb5 29.
axb5 Rc8 30. bxc6 Rxc6 31. Rxc6 Qxc6 32. Nb4 Qb5 33. Qxh5 Be6 34. Qh8+ Ka7 35. Qf8 Nd6 36. Ra1+ Kb6 37. Rb1 Nc4 38. Nxd5+ Rxd5 39. Rxb5+ Rxb5 40. Qd8+ Ka7 41. Qxf6 Rb6 42. Qd8 Nd2 43. d5 Bf5 44. Qe8 Nc4 45. Qa4+ Ra6 46. Qxc4 1-0

[Event "*** Titled Tuesday Blitz"]
[Site "Chess.com"]
[Date "2019.08.06"]
[Round "1"]
[White "Tjktiger"]
[Black "marcodobrikov"]
[Result "1-0"]
[WhiteElo "2837"]
[BlackElo "2429"]
[TimeControl "180+2"]
[EndTime "13:09:15 PDT"]
[Termination "Tjktiger won on time"]

1. c4 c5 2. g3 Nc6 3. Bg2 g6 4. Nc3 Bg7 5. Nf3 e5 6. O-O Nge7 7. d3 O-O 8. a3 d6 9. Rb1 a5 10. Ne1 Be6 11. Be3 Ra6 12. Nc2 Nd4 13. Bxb7 Rb6 14. Bg2 Qb8 15. Na4 Nxc2 16. Qxc2 Rb3 17.
Bd2 Bd7 18. Nc3 Nf5 19. e3 Ne7 20. a4 Rb6 21. Nb5 Ra6 22. Bc3 Bc6 23. f4 Bxg2 24. Qxg2 Nf5 25. Rbe1 Re8 26. e4 Nd4 27. Bxd4 exd4 28.
h4 Qd8 29. Kh2 Rb6 30. Qh3 Rb7 31. f5 Be5 32. Rf3 Qe7 33. Ref1 Rbb8 34. fxg6 fxg6 35. Rf7 Qxf7 36. Rxf7 Kxf7 37. Qd7+ Re7 38. Qc6 Kg7 39. Kg2 Rf8 40. Nxd6 Rf6 41. Ne8+ Rxe8 42. Qxe8 Bc7 43. Qe7+ Rf7 44. Qxc5 Kh6 45. Qd5 1-0

[Event "*** Titled Tuesday Blitz"]
[Site "Chess.com"]
[Date "2019.08.06"]
[Round "1"]
[White "babadroga92"]
[Black "Irochka83"]
[Result "1-0"]
[WhiteElo "2633"]
[BlackElo "2261"]
[TimeControl "180+2"]
[EndTime "13:09:19 PDT"]
[Termination "babadroga92 won on time"]

1. e4 c5 2. Nf3 d6 3. d4 cxd4 4. Qxd4 Nc6 5. Bb5 Bd7 6. Bxc6 Bxc6 7. Nc3 Nf6 8. Bg5 e6 9. O-O-O Be7 10. Rhe1 O-O 11.
Kb1 Qa5 12. Qd2 Qa6 13. Nd4 b5 14. f3 b4 15. Nxc6 Qxc6 16. Ne2 a5 17. Nd4 Qb7 18. h4 a4 19. h5 Nxh5 20. Bxe7 Qxe7 21. Nc6 Qb7 22.
Qxd6 b3 23. cxb3 axb3 24. a3 Nf4 25. Ne7+ Kh8 26. Qxf4 Qxe7 27. Rd6 Rfc8 28. Red1 Qc7 29. Rc1 Qa7 30. Rd3 Qf2 31. Rxb3 Rxc1+ 32. Qxc1 Qxg2 33. Qc7 Rf8 34. Qe7 Kg8 35. Ka2 h5 36. a4 Qe2 37. a5 Ra8 38. Qc7 h4 39. Rb8+ Rxb8 40. Qxb8+ Kh7 41. Qf4 Qf2 42. Qxf7 Qg3 43. a6 Qd6 44.
Qh5+ Kg8 45. Qe8+ Kh7 46. Qh5+ Kg8 47. Qa5 Qc6 48. a7 Qc4+ 49. Ka3 Qd3+ 50. b3 1-0

[Event "*** Titled Tuesday Blitz"]
[Site "Chess.com"]
[Date "2019.08.06"]
[Round "1"]
[White "XiaoKangZhong"]
[Black "Vnebo"]
[Result "0-1"]
[WhiteElo "2360"]
[BlackElo "2704"]
[TimeControl "180+2"]
[EndTime "13:09:20 PDT"]
[Termination "Vnebo won by resignation"]

1. e4 c5 2. c3 d5 3. exd5 Qxd5 4. d4 Nf6 5. Nf3 Bg4 6. Be2 e6 7.
O-O Nc6 8. Be3 cxd4 9. cxd4 Be7 10. Nc3 Qd6 11. h3 Bh5 12. Nb5 Qd8 13. Ne5 Bxe2 14. Qxe2 O-O 15. Nxc6 bxc6 16. Nc3 Nd5 17. Rac1 Qa5 18.
a3 Rab8 19. Ne4 Nxe3 20. fxe3 Rb3 21. Nc5 Bxc5 22. Rxc5 Qb6 23. Rf2 Qb7 24. Rc2 g6 25. Qf3 Rb8 26. Kh2 Qc7+ 27. g3 R8b6 28. Kg2 Qd7 29.
Qf6 Rxe3 30. Rc5 Rbb3 31. Qf4 Rxg3+ 32. Qxg3 Rxg3+ 33. Kxg3 Qxd4 34. Rfc2 Qe3+ 35. Kg2 Qe4+ 36. Kg3 h5 37. Rxc6 h4+ 38. Kh2 Qf4+ 39. Kh1 Qf3+ 40. Kg1 Qg3+ 41. Kf1 Qxh3+ 42. Kg1 Qg3+ 43. Kh1 h3 44.
R6c3 Qd6 45. Rc1 Qd2 46. R3c2 Qf4 47. Kg1 g5 48. Kh1 g4 49. Rc8+ Kg7 50. R1c2 g3 51. Kg1 Qe3+ 52. Kf1 Qf3+ 53. Ke1 g2 0-1

[Event "*** Titled Tuesday Blitz"]
[Site "Chess.com"]
[Date "2019.08.06"]
[Round "1"]
[White "medalja"]
[Black "johnathan113"]
[Result "0-1"]
[WhiteElo "2349"]
[BlackElo "2692"]
[TimeControl "180+2"]
[EndTime "13:09:20 PDT"]
[Termination "johnathan113 won by resignation"]

1. Nf3 Nf6 2. d4 g6 3. c4 Bg7 4.
Nc3 O-O 5. g3 d6 6. Bg2 Nc6 7.
O-O a6 8. b3 Rb8 9. Nd5 b5 10.
Nxf6+ Bxf6 11. Bh6 Re8 12. Rc1 bxc4 13. Rxc4 Na5 14.
Rc1 Bb7 15. Qd2 Nc6 16. e4 Ba8 17. d5 Na7 18. Nd4 Qd7 19. Rfd1 Rec8 20. Qe2 c5 21.
Nf3 Nb5 22. e5 dxe5 23. Nxe5 Qd6 24. Nc4 Qd7 25. Qd3 Nd4 26. Bf4 Rb4 27. Ne3 g5 28. Bxg5 Bxg5 29. Be4 h6 30. Rc4 Rxc4 31. Qxc4 Bxe3 32.
fxe3 Qg4 33. Bc2 Bxd5 34. Qxd5 Nxc2 35. Qd7 Nxe3 36. Qxg4+ Nxg4 37. Rd7 Kf8 38. h3 Nf6 39. Ra7 Rc6 40. Kf2 h5 41. Ke3 e6 42. a4 Kg7 43.
a5 Kg6 44. Kf3 Nd5 45. g4 hxg4+ 46. hxg4 Kf6 47. Ke4 Nc3+ 48. Kf4 Nb5 49. g5+ Kg6 50. Ra8 c4 51. bxc4 Rxc4+ 52. Ke3 Kxg5 53. Rxa6 Rc3+ 54. Ke4 Ra3 55. Ra8 Ra4+ 56. Ke5 f6+ 57. Kxe6 Nc7+ 0-1

[Event "*** Titled Tuesday Blitz"]
[Site "Chess.com"]
[Date "2019.08.06"]
[Round "1"]
[White "doons21"]
[Black "m3alam"]
[Result "0-1"]
[WhiteElo "2624"]
[BlackElo "2300"]
[TimeControl "180+2"]
[EndTime "13:09:23 PDT"]
[Termination "m3alam won by resignation"]

1. e4 c6 2. d3 d5 3. Nd2 e5 4.
Ngf3 Bd6 5. g3 Nf6 6. Bg2 O-O 7. O-O Bc7 8. Re1 Re8 9. h3 Nbd7 10. Nh4 h6 11. Qf3 Nf8 12. Nf1 Ba5 13. Rd1 Ne6 14.
c3 d4 15. c4 Ng5 16. Bxg5 hxg5 17. Nf5 g6 18. Nh6+ Kg7 19. Ng4 Nxg4 20. hxg4 Qd7 21.
Nh2 Rh8 22. Qe2 Bc7 23. b4 a5 24. a3 Qe7 25. Qb2 Bd7 26. f3 b6 27. Nf1 Bd6 28. bxa5 b5 29. cxb5 cxb5 30. Nd2 Rxa5 31. Nb3 Bxa3 32. Qe2 Raa8 33. Rdb1 Rac8 34. Bf1 Rc3 35.
Na5 Qd6 36. Nb3 b4 37. Nd2 Qc5 38. Nc4 Bb5 39. Nxa3 Bxd3 40. Qd2 Bxf1 41. Rxf1 bxa3 42. Qxg5 d3+ 43. Rf2 Rc2 44. Rf1 a2 45. Kg2 Rxf2+ 46. Rxf2 Qxf2+ 47. Kxf2 a1=Q 48. Qxe5+ Qxe5 0-1

[Event "*** Titled Tuesday Blitz"]
[Site "Chess.com"]
[Date "2019.08.06"]
[Round "1"]
[White "SaraciNderim"]
[Black "marianokar"]
[Result "1-0"]
[WhiteElo "2834"]
[BlackElo "2424"]
[TimeControl "180+2"]
[EndTime "13:09:27 PDT"]
[Termination "SaraciNderim won by resignation"]

1. d4 Nf6 2. Nf3 e6 3. g3 d5 4.
Bg2 b5 5. O-O Bb7 6. a4 b4 7.
Nbd2 Nbd7 8. c4 c5 9. b3 Be7 10.
Bb2 O-O 11. Rc1 Rc8 12. e3 Qb6 13. Re1 Rfd8 14. cxd5 exd5 15. dxc5 Nxc5 16. Bd4 Qe6 17. Bxc5 Bxc5 18. Nd4 Bxd4 19. exd4 Qf5 20. Qf3 Qxf3 21.
Nxf3 Ne4 22. h3 f6 23. Bf1 a5 24. Bd3 Kf7 25. Nh4 g6 26. Ng2 Nd2 27. Rxc8 Rxc8 28. Re3 Rc1+ 29. Kh2 Rc3 30. Nf4 Rxb3 31. Ne6 Bc8 32.
Nd8+ Kf8 33. Nc6 Ra3 34. Nxa5 Rxa4 35. Re2 Rxa5 36. Rxd2 Ba6 37. Bxa6 Rxa6 38. Rb2 Rb6 39. Kg2 Ke7 40. Kf3 Kd6 41. Ke3 Kc6 42. Rc2+ Kb5 43. Rc5+ Ka4 44. Kd2 Rb5 45. Rc7 Kb3 46. Rxh7 Ra5 47.
Kd3 Ra2 48. Rh6 Rxf2 49. Rxg6 Kb2 50. g4 b3 51. g5 fxg5 52. Rxg5 Rf3+ 53. Kd2 Rxh3 54.
Rxd5 Rh2+ 55. Kd3 Kc1 56. Rc5+ Rc2 57. Rh5 Rd2+ 58. Kc3 Rg2 59. Rh1+ 1-0

[Event "*** Titled Tuesday Blitz"]
[Site "Chess.com"]
[Date "2019.08.06"]
[Round "1"]
[White "WPWPWP-2015"]
[Black "GMHess"]
[Result "0-1"]
[WhiteElo "2400"]
[BlackElo "2787"]
[TimeControl "180+2"]
[EndTime "13:09:27 PDT"]
[Termination "GMHess won by resignation"]

1. e4 d6 2. d4 Nf6 3. Nc3 c6 4. a4 Qc7 5. Nf3 e5 6. Bc4 Bg4 7. Be3 Be7 8. h3 Bh5 9. g4 Bg6 10. Nd2 O-O 11. f3 d5 12. exd5 cxd5 13. Nxd5 Nxd5 14.
Bxd5 exd4 15. Bxd4 Bh4+ 16. Kf1 Bxc2 17. Qe2 Nc6 18.
Bf2 Nb4 19. Be4 Bxf2 20. Kxf2 Rad8 21. Rac1 Qf4 22. Nc4 Bxe4 23. Qxe4 Nd3+ 24. Kg2 Qxe4 25. fxe4 Nxc1 26. Rxc1 Rd4 27. e5 Rc8 28. b3 Rd3 29. Rb1 b6 30. h4 h6 31. h5 Rc5 32. Kf2 b5 33. axb5 Rxb5 34. Ra1 Rbxb3 35. Rxa7 Rdc3 36.
Ra8+ Kh7 37. Nd2 Rb2 38. Rd8 Rc5 39. Kf3 Rxe5 40. Nc4 Rb3+ 41. Kf2 Re4 42. Nd2 Rb2 43. Kf3 Ra4 44. Rd3 Rba2 45. Rd6 R2a3+ 46. Kf2 Rxg4 47. Nf1 Rf4+ 48. Ke2 Ra2+ 49. Nd2 Rf5 50. Rd7 Rxh5 51. Ke3 Rh3+ 52. Kf4 Ra4+ 53. Ke5 Rh5+ 54. Kd6 Rd4+ 55.
Ke7 Rxd7+ 56. Kxd7 Rd5+ 57. Ke7 Rxd2 58. Kf8 h5 59. Ke7 h4 60. Kf8 h3 0-1

[Event "*** Titled Tuesday Blitz"]
[Site "Chess.com"]
[Date "2019.08.06"]
[Round "1"]
[White "M1711"]
[Black "Bigfish1995"]
[Result "0-1"]
[WhiteElo "2511"]
[BlackElo "3052"]
[TimeControl "180+2"]
[EndTime "13:09:30 PDT"]
[Termination "Bigfish1995 won on time"]

1. e4 c5 2. Nf3 d6 3. Bb5+ Nd7 4. O-O a6 5. Bd3 g6 6. Re1 Bg7 7. c3 Ngf6 8. Bc2 e5 9. d4 O-O 10. Nbd2 b5 11. a4 Bb7 12. d5 c4 13. Nf1 Nc5 14. Ng3 Qc7 15. Bg5 h6 16. Be3 Rfb8 17. h4 h5 18. Nh2 Bc8 19. axb5 Rxb5 20. Ra2 Rab8 21.
f4 exf4 22. Bxf4 Rxb2 23. Rxb2 Rxb2 24. e5 dxe5 25. Bxe5 Qd8 26. Qd4 Ncd7 27. Ba4 Nxe5 28. Qxe5 Bb7 29. Nf3 Bxd5 30. Rd1 Qb6+ 31. Qd4 Qxd4+ 32.
Rxd4 Bf8 33. Kf1 Bc5 34. Rd2 Rxd2 35. Nxd2 Kf8 36. Bd1 Nd7 37. Nge4 Be7 38. g3 Ne5 39. Be2 a5 40. Bd1 Bc6 41. Nf2 a4 42. Bc2 a3 43.
Bb1 f5 44. Ba2 Bd5 45. Nd1 Bc5 46. Ke2 Nd3 47. Nxc4 Nc1+ 48. Kd2 Nxa2 49. Nxa3 Bxa3 0-1

[Event "*** Titled Tuesday Blitz"]
[Site "Chess.com"]
[Date "2019.08.06"]
[Round "1"]
[White "Msb2"]
[Black "nOcHeaTiNgKiD"]
[Result "1/2-1/2"]
[WhiteElo "2863"]
[BlackElo "2447"]
[TimeControl "180+2"]
[EndTime "13:09:31 PDT"]
[Termination "Game drawn by repetition"]

1. d4 Nf6 2. c4 e6 3. Nc3 Bb4 4. e3 O-O 5. Bd2 d5 6. Nf3 b6 7. cxd5 exd5 8. Rc1 Bb7 9. Bd3 a6 10. O-O Nbd7 11. Ne5 Bd6 12. f4 c5 13. Qf3 Re8 14. Qh3 Nf8 15. Be1 Ng6 16. Kh1 Rc8 17. Bf5 Rc7 18.
Bg3 Ne4 19. Nxe4 dxe4 20. dxc5 Rxc5 21. Rcd1 Qe7 22. Be1 Rd5 23. Bc3 Bb4 24. Rxd5 Bxd5 25. Bd4 Bc5 26. Rd1 Bxd4 27. Rxd4 Qc5 28. Qh5 Qc1+ 29.
Rd1 Qxe3 30. Bxg6 hxg6 31. Nxg6 fxg6 32. Qxd5+ Kh7 33. Qf7 Rd8 34. Rg1 Qe2 35. f5 gxf5 36. Qxf5+ Kh8 37. h3 e3 38. Rf1 Qd3 39. Qh5+ Kg8 40.
Qf7+ Kh8 41. Rf4 Qd1+ 42. Kh2 Qd6 43. Qh5+ Qh6 44. Qxh6+ gxh6 45. Re4 Rd2 46. b3 e2 47. a4 Rb2 48. Kg1 Rxb3 49. Rxe2 Rb4 50. Re6 Kg7 51. g4 Rxa4 52. Rxb6 Ra2 53. h4 a5 54. Rb7+ Kg6 55.
Rb6+ Kg7 56. Rb7+ Kg6 57. Rb6+ Kg7 1/2-1/2

[Event "*** Titled Tuesday Blitz"]
[Site "Chess.com"]
[Date "2019.08.06"]
[Round "1"]
[White "temus_galaktionov"]
[Black "Lion_DL"]
[Result "1/2-1/2"]
[WhiteElo "2666"]
[BlackElo "2336"]
[TimeControl "180+2"]
[EndTime "13:09:31 PDT"]
[Termination "Game drawn by agreement"]

1. d4 Nf6 2. Nf3 e6 3. c4 b6 4. g3 Bb7 5. Bg2 Be7 6. Nc3 Ne4 7. Bd2 O-O 8. d5 Nxd2 9. Qxd2 Bf6 10. Nd4 c5 11.
Ndb5 d6 12. O-O a6 13. Na3 Bxc3 14. bxc3 exd5 15. cxd5 b5 16. Rab1 Nd7 17. e4 Re8 18.
Rfe1 c4 19. Nc2 Nc5 20. Nd4 Rc8 21. f4 g6 22. h3 Re7 23. Re3 Qe8 24. Rbe1 Qd7 25.
Kh2 Rce8 26. R1e2 Qc7 27. h4 h5 28. Bf3 Qd7 29. Bg2 Qc7 30. Qc2 Bxd5 31. e5 Bxg2 32. exd6 Qxd6 33. Rxe7 Rxe7 34. Kxg2 Nd3 35. Nf3 f6 36.
Qd2 Kg7 37. Re3 Nxf4+ 38. Kf1 Qxd2 39. Rxe7+ Kf8 40. Nxd2 Kxe7 41. gxf4 Ke6 42. Kf2 Kf5 43. Kf3 g5 44. fxg5 fxg5 45. hxg5 Kxg5 46. Ne4+ Kf5 47. Nc5 a5 48. a3 Ke5 49. Nb7 b4 50. cxb4 axb4 51.
axb4 Kd5 52. Na5 c3 53. Kg3 c2 54. Nb3 Kc4 55. Nc1 Kxb4 56. Kh4 Kc3 57. Kxh5 Kd2 58.
Nb3+ 1/2-1/2

[Event "*** Titled Tuesday Blitz"]
[Site "Chess.com"]
[Date "2019.08.06"]
[Round "1"]
[White "amatatanav"]
[Black "fm24601"]
[Result "0-1"]
[WhiteElo "2500"]
[BlackElo "2447"]
[TimeControl "180+2"]
[EndTime "13:09:32 PDT"]
[Termination "fm24601 won by resignation"]

1. e4 e5 2. Bc4 Nc6 3. Nc3 Nf6 4. d3 Bb4 5. Ne2 d5 6. exd5 Nxd5 7. O-O Bxc3 8. Nxc3 Nxc3 9. bxc3 O-O 10. f4 Qe7 11. Qh5 Be6 12. f5 g6 13. Qg4 Qc5+ 14.
Kh1 Bxc4 15. dxc4 e4 16. Qxe4 Rfe8 17. Qf4 Ne5 18. fxg6 hxg6 19. Qf6 Re6 20. Qh4 Qxc4 21. Bf4 Rae8 22. Rad1 Qe4 23. Rd8 Qe2 24. Re1 Qxe1+ 25. Qxe1 Rxd8 26. h3 Nd7 27. Qh4 Rde8 28. Bxc7 Re1+ 29.
Kh2 R1e2 30. Qg4 Nf8 31. Bd6 Rxc2 32. Qf3 b6 33. Bf4 Ree2 34. Bh6 Ne6 35. Qa8+ Kh7 36. Bf8 Rxg2+ 37. Kh1 Rh2+ 38. Kg1 Rhg2+ 39. Kf1 Rgd2 40. Ke1 Rd8 41. Qe4 Rc1+ 42. Ke2 Rxf8 43. Qh4+ Kg8 44. Kd2 Rf1 45. Qc4 Rf5 46. a4 Rd8+ 47. Kc2 Rc5 48. Qb4 Rdc8 49. Kb2 Rxc3 50. a5 Rc2+ 51. Kb1 bxa5 52. Qxa5 Nd4 53. h4 Rb8+ 0-1

[Event "*** Titled Tuesday Blitz"]
[Site "Chess.com"]
[Date "2019.08.06"]
[Round "1"]
[White "Time2Pretend"]
[Black "Wolverine_master"]
[Result "0-1"]
[WhiteElo "2530"]
[BlackElo "2108"]
[TimeControl "180+2"]
[EndTime "13:09:33 PDT"]
[Termination "Wolverine_master won by resignation"]

1. d4 d5 2. c4 e6 3. Nc3 Nf6 4. cxd5 exd5 5. Bg5 c6 6. e3 Be7 7. Bd3 O-O 8. Qc2 h6 9. Bh4 Nbd7 10. Nge2 Re8 11.
O-O Nf8 12. f3 a5 13. h3 b5 14. Rae1 Be6 15. e4 Ng6 16. Bf2 dxe4 17. fxe4 Bc4 18. Bxc4 bxc4 19. Qa4 Bb4 20. a3 Bxc3 21. Nxc3 Nf4 22. Qxc4 N6h5 23. Kh2 Qg5 24. Rg1 c5 25. Qxc5 Qxc5 26. dxc5 Nd3 27. Re2 Rac8 28. Rd1 Nhf4 29. Red2 Nxc5 30. Bxc5 Rxc5 31. Rd8 Rxd8 32. Rxd8+ Kh7 33.
g3 Ne6 34. Rd5 Kg6 35. Rxc5 Nxc5 36. b4 axb4 37. axb4 Nd3 38. b5 Kf6 39. b6 Nc5 40. Na4 Nb7 41. Kg2 Ke5 42. Kf3 h5 43. Ke3 g5 44. g4 h4 45. Kd3 Kf4 46. Kd4 Kg3 47. Nc5 Nd8 48. Nd7 Kxh3 49. Ne5 Kg3 50. Nxf7 Nb7 51.
Nxg5 Kxg4 52. Ne6 h3 53. Nc5 h2 54. Nd3 Kg3 55. e5 h1=Q 56. e6 Qc6 57. Ke5 Qxb6 58.
Nf4 Qe3+ 59. Kd5 Kxf4 60. e7 Qxe7 61. Kc6 Qd6+ 62. Kb5 Qc5+ 63. Ka4 Qb6 64. Ka3 Ke4 0-1

[Event "*** Titled Tuesday Blitz"]
[Site "Chess.com"]
[Date "2019.08.06"]
[Round "1"]
[White "jlandaw"]
[Black "SergeiAza"]
[Result "1/2-1/2"]
[WhiteElo "2435"]
[BlackElo "2827"]
[TimeControl "180+2"]
[EndTime "13:09:35 PDT"]
[Termination "Game drawn by repetition"]

1. e4 e5 2. Nf3 Nc6 3. Bb5 a6 4.
Ba4 Nf6 5. O-O Be7 6. Re1 b5 7. Bb3 d6 8. c3 O-O 9. h3 h6 10. d4 Re8 11. Nbd2 Bf8 12. dxe5 Nxe5 13. Nf1 Bb7 14.
Ng3 c5 15. a4 Qc7 16. Nxe5 dxe5 17. Qf3 c4 18. Bc2 Re6 19. Be3 Nd7 20. Nf5 Nc5 21.
a5 Kh7 22. Bxc5 Bxc5 23. b4 Ba7 24. Rad1 Rf6 25. Qg3 g6 26. Ne3 Qe7 27. Re2 Rf4 28.
Nd5 Bxd5 29. Rxd5 Rd8 30. Kf1 Kg7 31. Red2 Rxd5 32. exd5 Qd6 33. f3 h5 34. Be4 Qf6 35.
Ke1 Qd6 36. Kd1 Bb8 37. Kc2 Qe7 38. Qe1 Bd6 39. Rd1 Qf6 40. Qe3 h4 41. Qb6 Be7 42.
d6 Bd8 43. Qxa6 Qg5 44. Rd2 Qg3 45. Re2 Rxe4 46. Rxe4 Qxg2+ 47. Kd1 Qxf3+ 48. Re2 Qd3+ 49. Rd2 Qb1+ 50. Ke2 Qe4+ 51. Kd1 Qb1+ 52. Ke2 Bg5 53. d7 Qe4+ 54. Kd1 Qb1+ 55. Ke2 Qe4+ 56. Kd1 Qb1+ 57. Ke2 1/2-1/2

[Event "*** Titled Tuesday Blitz"]
[Site "Chess.com"]
[Date "2019.08.06"]
[Round "1"]
[White "JonahWillow"]
[Black "twitchTriniCupid"]
[Result "1-0"]
[WhiteElo "2634"]
[BlackElo "2276"]
[TimeControl "180+2"]
[EndTime "13:09:35 PDT"]
[Termination "JonahWillow won by resignation"]

1. e4 c6 2. d4 d5 3. e5 Bf5 4.
h4 h6 5. g4 Bd7 6. h5 c5 7. c3 Nc6 8. Na3 cxd4 9. cxd4 Qb6 10.
Nc2 Nb4 11. Ne3 Bb5 12. Nf3 Bxf1 13. Kxf1 e6 14. a3 Nc6 15. Kg2 f6 16. Qd3 Nge7 17.
exf6 gxf6 18. b4 Bg7 19. b5 Nd8 20. Bd2 Nf7 21. Bb4 Nd6 22. a4 Qd8 23. Rac1 Qd7 24.
Nh4 O-O 25. Ng6 Rfc8 26. Nxe7+ Qxe7 27. Qg6 Qd7 28. Qd3 Nf7 29. f4 Rxc1 30. Rxc1 Rc8 31. Rc2 Nd6 32. f5 Rxc2+ 33. Qxc2 Ne4 34. fxe6 Qxe6 35.
Nf5 Ng5 36. Ne7+ Kh8 37. Ng6+ Kg8 38. Kf1 Qxg4 39. Ne7+ Kh8 40. Qg6 Qf3+ 41. Ke1 Qe4+ 42. Qxe4 Nxe4 43. Nxd5 f5 44. Ne7 Bxd4 45. Nxf5 Bg7 46.
Be7 Nc3 47. Nd6 b6 48. Nc8 Nxa4 49. Nxa7 Kg8 50. Bd8 Kf7 51. Kd2 Ke6 52. Kd3 Kd5 53.
Nc8 Bf8 54. Nxb6+ Nxb6 55. Bxb6 Be7 56. Be3 Bf8 57. b6 Kc6 58. Ke4 1-0

[Event "*** Titled Tuesday Blitz"]
[Site "Chess.com"]
[Date "2019.08.06"]
[Round "1"]
[White "Polish_fighter3000"]
[Black "Ginzburg_Yakov"]
[Result "1-0"]
[WhiteElo "2974"]
[BlackElo "2495"]
[TimeControl "180+2"]
[EndTime "13:09:39 PDT"]
[Termination "Polish_fighter3000 won by resignation"]

1. Nf3 Nf6 2. c3 d5 3. g3 Bf5 4. Bg2 e6 5. Nh4 Bg4 6. h3 Bh5 7. d3 Be7 8. g4 Bg6 9. O-O O-O 10.
f4 Nfd7 11. Nxg6 hxg6 12. Nd2 f5 13. g5 Bd6 14. Nf3 c5 15. a3 Nc6 16. b4 Qc7 17. e3 a6 18. bxc5 Nxc5 19. Nd4 Rfe8 20. a4 Rad8 21. Ra2 Qf7 22. h4 e5 23. Nxc6 bxc6 24.
fxe5 Bc7 25. Ba3 Ne6 26. d4 f4 27. Bh3 c5 28. Raf2 cxd4 29. exd4 Bb6 30. Bxe6 Rxe6 31.
Rxf4 Qc7 32. Rf8+ Rxf8 33. Rxf8+ Kh7 34. a5 Ba7 35. h5 Qxe5 36. hxg6+ Kxg6 37. Qd3+ Qe4 38. Qxe4+ dxe4 39. Ra8 e3 40. Kf1 Rc6 41. Rxa7 Rxc3 42.
Bc5 Rc2 43. Rxa6+ Kxg5 44. Ra7 Kf6 45. a6 g5 46. Re7 Ra2 47. a7 g4 48. Rxe3 Kf5 49.
Ra3 1-0

[Event "*** Titled Tuesday Blitz"]
[Site "Chess.com"]
[Date "2019.08.06"]
[Round "1"]
[White "PrinceMurad09"]
[Black "Arash_Tahbaz"]
[Result "0-1"]
[WhiteElo "2425"]
[BlackElo "2834"]
[TimeControl "180+2"]
[EndTime "13:09:43 PDT"]
[Termination "Arash_Tahbaz won by resignation"]

1. e4 g6 2. d4 Bg7 3. Nc3 d6 4.
Be3 a6 5. a4 Nf6 6. g3 Nc6 7.
Bg2 O-O 8. h3 e5 9. Nge2 Nd7 10.
O-O Re8 11. Rb1 exd4 12. Nxd4 Nde5 13. Nxc6 Nxc6 14. Nd5 f5 15. exf5 Bxf5 16. b3 Qd7 17. Kh2 Be4 18. Qd2 Bxg2 19. Kxg2 Rf8 20. c4 Rf7 21. Rbe1 Raf8 22. f4 Ne7 23. Nxe7+ Rxe7 24. Bd4 Rfe8 25. Bxg7 Kxg7 26. Rxe7+ Qxe7 27. Qd4+ Kg8 28.
Rf2 Qe4+ 29. Qxe4 Rxe4 30. Kf3 Re1 31. Re2 Rb1 32. Re3 Kf7 33. Ke4 h5 34. f5 g5 35. c5 dxc5 36. Kd5 Rf1 37. g4 hxg4 38. hxg4 Rf4 39. Rg3 b6 40. Kc6 c4 41. Kxc7 cxb3 42. Rxb3 Rxa4 43. Rxb6 a5 44. Ra6 Rxg4 45. Rxa5 Kf6 46.
Kd6 Rd4+ 47. Kc5 Rf4 48. Ra8 Kxf5 49. Kd5 Kg4 50. Ke5 Rf1 51. Ra4+ Kh3 52. Ra3+ Kh4 53. Ra8 g4 54. Ke4 Kh3 55. Rh8+ Kg2 56. Ke3 g3 57. Rg8 Rf7 58. Rg6 Kh2 59. Rh6+ Kg1 60. Rg6 g2 61. Ke2 Rf5 62. Rg8 Kh2 63. Rh8+ Kg3 64. Rg8+ Kh3 65. Rh8+ Kg3 66. Rg8+ Kh2 67. Rh8+ Kg1 68. Rg8 Rf2+ 69. Ke1 Rf4 70. Ke2 Rh4 71. Kf3 Rh3+ 72. Ke2 Kh1 73.
Kf2 Rh7 0-1

[Event "*** Titled Tuesday Blitz"]
[Site "Chess.com"]
[Date "2019.08.06"]
[Round "1"]
[White "hermionegrangermagic"]
[Black "Lagmantr"]
[Result "1-0"]
[WhiteElo "2391"]
[BlackElo "2696"]
[TimeControl "180+2"]
[EndTime "13:09:48 PDT"]
[Termination "hermionegrangermagic won by resignation"]

1. e4 c6 2. d4 d5 3. exd5 cxd5 4. c4 Nf6 5. Nc3 g6 6. Qb3 Bg7 7. cxd5 O-O 8. g3 Nbd7 9. Bg2 Nb6 10. Nge2 a5 11. a4 e6 12. d6 Qxd6 13. Bf4 Qd8 14. Bg5 h6 15. Bxf6 Bxf6 16. O-O Bd7 17. d5 exd5 18.
Nxd5 Nxd5 19. Bxd5 Bh3 20. Rfd1 Qc7 21. Nf4 Bf5 22.
Bxb7 Rab8 23. Nd5 Qxb7 24. Nxf6+ Kg7 25. Qc3 Qxb2 26. Ne8+ Kg8 27. Qxb2 Rxb2 28. Nd6 Be6 29. Rdb1 Rfb8 30. Nb5 Rxb1+ 31. Rxb1 Kg7 32. Rd1 Bb3 33. Rd4 Bxa4 34. Nc3 Bc6 35. Rc4 Bf3 36. Ra4 Rb3 37.
Rc4 a4 38. Kf1 a3 39. Ke1 a2 40. Nxa2 Rb2 41. Nc3 Bg4 42. Rxg4 Rb3 43. Rc4 Rb2 44. Nd1 Ra2 45. Rd4 h5 46. Rd2 Ra1 47. Ke2 Kh6 48. Ne3 f5 49. h4 Kg7 50. Ng2 Kf6 51. Nf4 Ra6 52. Ke3 Rc6 53. Rb2 Rc3+ 54. Kd4 Rc1 55. Rb6+ Kf7 56. Rxg6 Rd1+ 57. Ke3 Re1+ 58. Kf3 1-0